Unix NetHack Version 5.0.0-0 post-release - last build May  4 2026 22:22:43 (774f63e81ad911689b3a0859ea89b322d5daca8d,branch:main).

Game began 2026-05-07 16:54:32, ended 2026-05-07 17:11:57.

Ackbladder, neutral female gnomish Wizard

                                                                      --------
                                                                      |..?...|
                       ----- ---------------     ---------------      |...!).|
                       |^^.| |............<|     |.............|      |.....)|
                       |..^.#.........(....|    #..............|      |.*...[|
                    ----.^.|*------------|-- ####|.............|      --|-----
                    |rr.^..|#*           #   #   |.............|        #
                    |.@^^^.|) *         ##   #   ---.-----|-----        #
                    .%rr^..|^  #       ##    #      #   ###             #
                    ----...|###############%#######     #               #
                       |^^^|#    #---%--     #    #############         #
                       |^.^.#     ......##   #       --.--    ##########)##
                       -----#     |...(|    ##       |....####       ---.-+--
                            #     |....|    #        |...|## ########......`|
                                  |....-#####        |...| ###### ## |......|
                                  |....|             -----         # |....{>|
                                  |....|                           ##.......|
                                  ------                             |......|
                                                                     --------

Ackbladder the Conjurer   St:12 Dx:11 Co:14 In:19 Wi:11 Ch:9  Neutral
Dlvl:3  $:99 HP:0(37) Pw:3(43) AC:9  Xp:5 T:2052  Hungry  

Latest messages:
 You hit the gray ooze.
 You kill the gray ooze!
 In what direction? 4
 The spell hits the floating eye!
 The floating eye resists!
 You kill the floating eye!
 You see here a floating eye corpse.
 There is a floating eye corpse here; eat it? [ynq] (n) y
 This floating eye corpse tastes okay.
 You finish eating the floating eye corpse.
 You feel a strange mental acuity.
 You hit the kobold mummy.
 The kobold mummy hits!
 You destroy the kobold mummy!
 Really step into that pit? [yn] (n) n
 Really step into that pit? [yn] (n) y
 You escape a pit.
 Really step into that pit? [yn] (n) n
 You fall into a pit!
 You are still in a pit.
 You are still in a pit.
 You crawl to the edge of the pit.
 The wererat hits!
 In what direction? 1
 The spell hits the wererat!
 The wererat resists!
 The wererat changes into a rat.
 The wererat's helmet falls to the floor!
 The wererat bites!
 You feel feverish.
 In what direction? 1
 The spell misses the wererat.
 The wererat summons help!
 A sewer rat suddenly appears next to you!
 A rabid rat suddenly appears next to you!
 A rabid rat suddenly appears next to you!
 A sewer rat suddenly appears next to you!
 The wererat bites!
 You don't have enough energy to cast that spell.
 You hit the wererat.
 The sewer rat bites!
 The rabid rat bites!
 The rabid rat bites!
 The sewer rat bites!
 The wererat bites!
 You kill the wererat!
 The sewer rat bites!
 You die...
 Do you want your possessions identified? [ynq] (y) y
 Do you want to see your attributes? [ynq] (y) q

Inventory:
 Coins    ('$')
  $ - 99 gold pieces
 Weapons  (')')
  V - 2 +0 daggers
  w - a +0 elven dagger
  a - a blessed +1 quarterstaff (weapon in hands)
 Armor    ('[')
  u - an uncursed +0 pair of leather gloves
  b - an uncursed +0 cloak of magic resistance (being worn)
 Comestibles  ('%')
  p - an uncursed food ration
  N - 2 uncursed food rations
  L - an uncursed fortune cookie
  P - 2 uncursed lembas wafers
 Scrolls  ('?')
  i - an uncursed scroll of create monster
  k - 2 uncursed scrolls of earth
  x - an uncursed scroll of gold detection
  o - an uncursed scroll of identify
  r - an uncursed scroll of punishment
  j - an uncursed scroll of remove curse
  t - an uncursed scroll of teleportation
 Spellbooks  ('+')
  l - a blessed spellbook of force bolt
  m - an uncursed spellbook of identify
  s - an uncursed spellbook of remove curse
 Potions  ('!')
  y - an uncursed potion of confusion
  h - an uncursed potion of extra healing
  f - an uncursed potion of gain energy
  D - a blessed potion of healing
  g - an uncursed potion of object detection
  M - a blessed potion of speed
  R - 2 uncursed potions of water
 Rings    ('=')
  d - a blessed +1 ring of gain strength
  e - an uncursed ring of searching
  q - an uncursed ring of stealth
 Wands    ('/')
  T - a wand of cold (0:4)
  c - a wand of create monster (0:11)
  A - a wand of digging (0:7)
  K - a wand of magic missile (0:3)
 Tools    ('(')
  n - a magic marker (0:20)
 Gems/Stones  ('*')
  B - an uncursed worthless piece of orange glass

Ackbladder the Wizard's attributes:

Background:
 You were a Conjurer, a level 5 female gnomish Wizard.
 You were neutral, nominally on a mission for Thoth
 who was opposed by Ptah (lawful) and Anhur (chaotic).
 You were right-handed.
 You were in the Dungeons of Doom, on level 3.
 You entered the dungeon 2052 turns ago.
 You had 258 experience points, 62 more were needed to attain level 6.

Basics:
 You had 0 out of 37 hit points.
 You had 3 out of 43 energy points (spell power).
 Your armor class was 9.
 Your wallet contained 99 zorkmids.
 Autopickup was off.

Final Characteristics:
 Your strength was 12 (limit:18/50).
 Your dexterity was 11 (limit:18).
 Your constitution was 14 (limit:18).
 Your intelligence was 19 (limit:19).
 Your wisdom was 11 (limit:18).
 Your charisma was 9 (limit:18).

Final Status:
 You were hungry.
 You were unencumbered.
 You were wielding a quarterstaff.
 You had basic skill with quarterstaff.

Final Attributes:
 You were piously aligned.
 You were magic-protected.
 You were level-drain resistant.
 You were telepathic.
 You had infravision.
 You were warded.
 You were a wererat.
 You were harmed by silver.
 You are dead.

Miscellaneous:
 You didn't encounter any bones levels.
 Total elapsed playing time was 17 minutes and 25 seconds.

Major events:
 Turn
    1: Ackbladder the neutral female gnomish Wizard entered the dungeon
  549: entered the Gnomish Mines
  633: attained the rank of Conjurer (level 3)
 2052: killed by a sewer rat

Spells:
 Name                 Level Category     Fail Retention
 force bolt             1   attack         0%   81%-90%
 identify               3   divination    72%  76%-100%
 remove curse           3   clerical      72%  76%-100%

Skills:
 Fighting Skills
   bare handed combat [Unskilled]
   riding             [Unskilled]
 Weapon Skills
   dagger             [Unskilled]
   knife              [Unskilled]
   axe                [Unskilled]
   short sword        [Unskilled]
   club               [Unskilled]
   mace               [Unskilled]
   quarterstaff       [Basic]
   polearms           [Unskilled]
   spear              [Unskilled]
   trident            [Unskilled]
   sling              [Unskilled]
   dart               [Unskilled]
   shuriken           [Unskilled]
 Spellcasting Skills
   attack spells      [Basic]
   healing spells     [Unskilled]
   divination spells  [Unskilled]
   enchantment spells [Basic]
   clerical spells    [Unskilled]
   escape spells      [Unskilled]
   matter spells      [Unskilled]

Voluntary challenges:
 Character rerolling was not enabled.
 You were an atheist.
 You never genocided any monsters.
 You never polymorphed an object.
 You never changed form.
 You used no wishes.
Achievements:
 You entered a shop.
 You entered the Gnomish Mines.
 You attained the rank of Conjurer.

 The Dungeons of Doom: levels 1 to 4
    Level 1:
    Level 2:
       An armor shop, a fountain.
       Stairs down to The Gnomish Mines.
    Level 3: <- You were here.
       A general store, a fountain.
       Final resting place for
          you, killed by a sewer rat.
    Level 4:
 The Gnomish Mines:
    Level 3:


Vanquished creatures:
  a rock mole
  a shrieker
  a kobold mummy
  a gray ooze
  2 floating eyes
  3 hill orcs
 13 orc zombies
  6 dwarf zombies
  a wererat
 an iguana
  5 coyotes
  3 hobbits
  5 giant rats
  a brown mold
  2 gnomes
  3 gnome zombies
  4 geckos
  2 jackals
  a kobold
  4 goblins
  5 grid bugs
  a bat
  2 lichens
  6 kobold zombies
  8 newts
82 creatures vanquished.

No species were genocided or became extinct.

Game over:
                       ----------
                      /          \
                     /    REST    \
                    /      IN      \
                   /     PEACE      \
                  /                  \
                  |    Ackbladder    |
                  |      99 Au       |
                  |   killed by a    |
                  |    sewer rat     |
                  |                  |
                  |                  |
                  |       2026       |
                 *|     *  *  *      | *
        _________)/\\_//(\/(/\)/\//\/|_)_______

Goodbye Ackbladder the Wizard...

You died in The Dungeons of Doom on dungeon level 3 with 1282 points,
and 99 pieces of gold, after 2052 moves.
You were level 5 with a maximum of 37 hit points when you died.

